 Dungeon Sprint DCSS version 0.16.2-12-gd0ad4c3 (webtiles) character file.

67 Ponchio the Prestidigitator (level 3, -4/19 HPs)
             Began as a Deep Elf Fire Elementalist on Nov 9, 2015.
             Was a Believer of Vehumet.
             Slain by a mottled draconian
             ... wielding a +0 mace
              (12 damage)
             ... in the Dungeon (Sprint V: "Ziggurat Sprint").
             The game lasted 00:06:59 (210 turns).

Ponchio the Prestidigitator (DEFE)                   Turns: 210, Time: 00:06:59

Health: -4/19      AC: 28    Str:  5    XL:     3   Next: 98%
Magic:  20/20      EV: -4    Int: 26    God:    Vehumet [**....]
Gold:   0          SH:  0    Dex: 27    Spells: 1 memorised, 11 levels left

rFire  . . .     SeeInvis .     J - +6 Majin-Bo {vamp, Archmagi MP+6 Int+6}
rCold  . . .     Clarity  .     K - +15 Maxwell's patent armour {-Cast -Tele rElec MR+ rCorr} (curse)
rNeg   . . .     SustAb   .     (no shield)
rPois  .         Gourm    .     (no helmet)
rElec  +         Spirit   .     (no cloak)
rCorr  +         Warding  .     (no gloves)
rMut   .         NoTele   +     L - +2 pair of boots {run}
MR     +....     NoCast   +     (no amulet)
Stlth  ..........               A - +6 ring of dexterity
                                y - +6 ring of dexterity

@: very slightly contaminated, hasted, very quick, somewhat resistant to hostile
enchantments, extremely unstealthy
A: no striking features
a: Renounce Religion


You were in the Dungeon.
You worshipped Vehumet.
Vehumet was pleased with you.
You were not hungry.

You visited 1 branch

Inventory:

Hand weapons
 J - the +6 Majin-Bo (weapon) {vamp, Archmagi MP+6 Int+6}
   (You found it in the Dungeon)

   It inflicts no extra harm, but heals its wielder somewhat when it strikes a
   living foe.
   It affects your intelligence (+6).
   It affects your magic capacity (+6).
Armour
 a - a +0 robe
 K - the cursed +15 Maxwell's patent armour (worn) {-Cast -Tele rElec MR+ rCorr}
   (You found it in the Dungeon)

   It insulates you from electricity.
   It affects your resistance to hostile enchantments.
   It prevents spellcasting.
   It prevents most forms of teleportation.
   It protects you from acid and corrosion.
   It has a curse placed upon it.
 L - a +2 pair of boots of running (worn)
Jewellery
 y - a +6 ring of dexterity (left hand)
 A - a +6 ring of dexterity (right hand)
 B - a +6 ring of intelligence
 C - a +6 ring of intelligence
 D - a +6 ring of strength
 E - a +6 ring of strength
 M - the ring "Nukeef" {Ice rPois Stlth+}
   (You found it in the Dungeon)

   [ring of ice]

   It enhances your ice magic, and weakens your fire magic.
   It makes you vulnerable to fire.
   It protects you from cold.
   It protects you from poison.
   It makes you more stealthy.
Magical devices
 F - a wand of disintegration (5)
 G - a wand of fire (2)
 H - a wand of cold (4)
 I - a wand of draining (5)
Scrolls
 i - 4 scrolls of blinking
 q - 4 scrolls of amnesia
 r - 3 scrolls of recharging
 s - 7 scrolls of fog
 t - a scroll of holy word
 u - 5 scrolls of identify
 v - 5 scrolls of remove curse
 w - 2 scrolls of fear
Potions
 d - 10 potions of curing
 e - 8 potions of heal wounds
 f - 5 potions of haste
 g - 7 potions of magic
 h - 3 potions of berserk rage
 j - 2 potions of brilliance
 k - 2 potions of invisibility
 l - 2 potions of restore abilities
 m - 4 potions of resistance
 o - 5 potions of agility
 p - 5 potions of might
Books
 b - a book of Flames

   Spells                             Type                      Level
   a - Flame Tongue                   Conjuration/Fire             1
   b - Throw Flame                    Conjuration/Fire             2
   c - Conjure Flame                  Conjuration/Fire             3
   d - Inner Flame                    Hexes/Fire                   3
   e - Sticky Flame                   Conjuration/Fire             4
   f - Fireball                       Conjuration/Fire             5
 N - a book of Minor Magic

   Spells                             Type                      Level
   a - Magic Dart                     Conjuration                  1
   b - Blink                          Translocation                2
   c - Call Imp                       Summoning                    2
   d - Repel Missiles                 Charms/Air                   2
   e - Slow                           Hexes                        2
   f - Conjure Flame                  Conjuration/Fire             3
   g - Mephitic Cloud                 Conjuration/Poison/Air       3
Miscellaneous
 n - a fan of gales (inert)
 O - a phial of floods (inert)
Comestibles
 c - 5 bread rations
 x - 40 fruits
 z - 4 meat rations


   Skills:
 + Level 4.3 Dodging
 - Level 2.4 Stealth
 + Level 5.1 Spellcasting
 + Level 3.2 Conjurations
 + Level 3.9 Fire Magic
 - Level 8.8 Evocations


You had 11 spell levels left.
You knew the following spells:

 Your Spells              Type           Power        Failure   Level  Hunger
a - Flame Tongue          Conj/Fire      #####        100%        1    None


Dungeon Overview and Level Annotations

Branches:
Dungeon (1/1)

Altars:
Ashenzari
Cheibriados
Dithmenos
Elyvilon
Fedhas
Gozag
Kikubaaqudgha
Makhleb
Nemelex Xobeh
Okawaru
Qazlal
Ru
Sif Muna
Trog
Vehumet
Xom
Yredelemnul
Zin
The Shining One
Beogh
Jiyva
Lugonu


Message History

The draconian hits you but does no damage.
The draconian hits your water elemental with a hand axe.
Your air elemental forms itself from the air!
Drink which item? (? for menu, Esc to quit)
You feel yourself speed up.
The mottled draconian hits you but does no damage.
Your air elemental barely misses the mottled draconian.
Your water elemental hits the mottled draconian!
Your water elemental engulfs the mottled draconian in water!
Your water elemental hits the mottled draconian.
You are very lightly contaminated with residual magic.
Your air elemental hits the mottled draconian but does no damage.
Your air elemental closely misses the mottled draconian.
The draconian hits you with a hand axe.
The draconian misses your air elemental.
The draconian hits your water elemental with a hand axe!
The draconian completely misses your air elemental.
The mottled draconian hits you with a mace!
Ouch! That really hurt!
You die...

▓..)..▓.†...▓.....▓
▓...†.▓.....▓.†...▓
▓.....▓..†..▓.....▓
▓.....▓.....▓.....▓
▓.....▓.....▓▓▓▓▓▓▓
▓▓▓▓▓▓▓▓▓▓▓▓▓▓
▓..8©8...▓
▓..|}≈...▓
▓..@d≈...▓
▓..ddd...▓
▓..EEE...▓
▓..≈E....▓
▓........▓
▓▓▓▓▓▓▓▓▓▓


You could see a mottled draconian, a green draconian, 2 draconians, 2 friendly
water elementals and 2 friendly air elementals.

Vanquished Creatures
  4 adders (D)
  3 giant mites (D)
  2 ball pythons (D)
9 creatures vanquished.

Notes
Turn   | Place    | Note
--------------------------------------------------------------
     0 | D        | Ponchio, the Deep Elf Fire Elementalist, began the quest for the Orb.
     0 | D        | Reached XP level 1. HP: 10/10 MP: 5/5
     0 | D        | Found a viscous altar of Jiyva.
     0 | D        | Found a corrupted altar of Lugonu.
     0 | D        | Found a white marble altar of Elyvilon.
     1 | D        | Found a burning altar of Makhleb.
     1 | D        | Found an iron altar of Okawaru.
     3 | D        | Found a sparkling altar of Nemelex Xobeh.
     3 | D        | Found a basalt altar of Yredelemnul.
     3 | D        | Found a deep blue altar of Sif Muna.
     3 | D        | Found a radiant altar of Vehumet.
     7 | D        | Found a bloodstained altar of Trog.
     7 | D        | Found a shimmering altar of Xom.
    34 | D        | Became a worshipper of Vehumet
    54 | D        | Reached skill level 8 in Evocations
    54 | D        | Reached XP level 2. HP: 15/15 MP: 7/8
    97 | D        | Entered arena 1.
   114 | D        | Identified a +2 pair of boots of running (You found it in the Dungeon)
   116 | D        | Entered arena 2.
   117 | D        | Acquired Vehumet's first power
   117 | D        | Offered knowledge of Sting by Vehumet.
   119 | D        | Reached XP level 3. HP: 19/19 MP: 12/12
   129 | D        | Got the ring "Nukeef" {Ice rPois Stlth+}
   134 | D        | Entered arena 3.
   141 | D        | Reached skill level 5 in Spellcasting
   197 | D        | Entered arena 4.
   197 | D        | Noticed a mottled draconian
   197 | D        | Noticed a green draconian
   197 | D        | Noticed a draconian
   197 | D        | Noticed a draconian
   210 | D        | Slain by a mottled draconian

Action                   || total
-------------------------++-------
Melee: Quarterstaff      ||    12
Evoke: Wand              ||     6
       Fan of gales      ||     1
       Phial of floods   ||     1
  Use: Potion            ||     4
  Eat: Fruit             ||     2
       Chunk             ||     1
